 Dungeon Crawl Stone Soup version 0.27.1-33-g824d729ab1 (webtiles) character file.

Game seed: 11721303629490185672

197 Rhonda the Twirler (level 5, -2/53 HPs)
             Began as an Ogre Gladiator on Dec 25, 2021.
             Was an Initiate of Ashenzari.
             Killed from afar by an orc wizard (3 damage)
             ... with a puff of flame
             ... on level 4 of the Dungeon.
             The game lasted 00:15:32 (2416 turns).

Rhonda the Twirler (Ogre Gladiator)                 Turns: 2416, Time: 00:15:33

Health: -2/53      AC:  6    Str: 19    XL:     5   Next: 75%
Magic:  14/14      EV: 14    Int:  9    God:    Ashenzari [......]
Gold:   118        SH:  0    Dex: 10    Spells: 4/4 levels left

rFire    . . .     SeeInvis .   o - +2 morningstar (protect)
rCold    . . .     Faith    +   (no shield)
rNeg     . . .     Spirit   .   b - +1 robe
rPois    .         Reflect  .   c - +2 hat
rElec    .         Harm     .   (no cloak)
rCorr    .         Rampage  .   (gloves unavailable)
Will     .....                  (boots unavailable)
Stlth    +.........             a - amulet of faith
HPRegen  0.17/turn              k - ring of magical power
MPRegen  0.14/turn              d - +4 ring of evasion

@: no status effects
A: large, unfitting armour, tough skin 1
a: Renounce Religion


You were on level 4 of the Dungeon.
You worshipped Ashenzari.
Ashenzari was noncommittal.
You visited 1 branch of the dungeon, and saw 4 of its levels.

You collected 118 gold pieces.

Inventory:

Hand Weapons
 m - a +2 dagger of electrocution
 o - a +2 morningstar of protection (weapon)
Missiles
 g - 2 throwing nets
 n - 4 large rocks
Armour
 b - a +1 robe (worn)
 c - a +2 hat (worn)
Jewellery
 a - an amulet of faith (around neck)
 d - a +4 ring of evasion (right hand)
 k - a ring of magical power (left hand)
Wands
 f - a wand of flame (16) (quivered)
Scrolls
 h - a scroll of silence
 j - 4 scrolls of fog
Potions
 e - a potion of brilliance
 l - 2 potions of flight


   Skills:
 + Level 3.6 Fighting
 + Level 0.4 Short Blades
 + Level 4.0 Staves
 + Level 3.2 Throwing
 + Level 3.8 Dodging
 + Level 0.4 Stealth
 + Level 0.4 Evocations


You had 4 spell levels left.
You didn't know any spells.
Your spell library was empty.

Dungeon Overview and Level Annotations

Branches:
Dungeon (4/15)
 Temple: D:4-7

Altars:
Ashenzari


Innate Abilities, Weirdness & Mutations

You are too large for most types of armour.
You have tough skin. (AC +1)


Message History

The jackal closely misses you. The orc barely misses you.
The orc wizard hits you but does no damage.
The jackal bites you but does no damage.
You sock the orc wizard!
Your weapon exudes an aura of protection.
The orc wizard is almost dead.
The orc hits you with a +0 hand axe.
* * * LOW HITPOINT WARNING * * *
The jackal misses you.
The orc wizard hits you but does no damage.
The orc hits you but does no damage. The jackal barely misses you.
The orc wizard gestures at you while chanting.
You are confused.
You bump into the rock wall.
The jackal bites you but does no damage.
The orc misses you. The orc wizard casts a spell at you.
The magic dart hits you but does no damage.
You bump into the rock wall.
The jackal misses you. The orc closely misses you.
The orc wizard hits you with a +0 dagger.
* * * LOW HITPOINT WARNING * * *
The jackal closely misses you.
You bump into the rock wall.
The jackal barely misses you. The orc hits you but does no damage.
The orc wizard hits you but does no damage.
You bump into the rock wall.
The jackal barely misses you. The orc closely misses you.
The orc wizard hits you with a +0 dagger.
* * * LOW HITPOINT WARNING * * *
You miss the jackal.
The jackal is severely wounded.
You feel less confused. The jackal closely misses you. The jackal bites you.
* * * LOW HITPOINT WARNING * * *
The orc curses noisily.
The orc hits you with a +0 hand axe.
* * * LOW HITPOINT WARNING * * *
The orc wizard gestures at you while chanting.
The puff of flame hits you.
You die...

#.. #.. ..#
#..# #...##
O....#
##oo...#
##oo# ##h@##
###.###
##."## ##..##
##..## ##..##
###...#
###.....##
####........#


You could see an ogre, an orc wizard, 3 orcs and a jackal.

Vanquished Creatures
  Ijyb (D:3)
  Natasha (thrice) (D:3)
  2 adders (D:3)
  A worm (D:3)
  A dart slug (D:2)
  6 ball pythons
  7 bats
  3 endoplasms
  2 giant cockroaches
  11 goblins
  6 hobgoblins
  8 jackals
  3 quokkas
  6 kobolds
  5 rats
65 creatures vanquished.

Notes
Turn   | Place    | Note
-------+----------+-------------------------------------------
     0 | D:1      | Rhonda the Ogre Gladiator began the quest for the Orb.
     0 | D:1      | Reached XP level 1. HP: 22/22 MP: 1/1
   147 | D:1      | Reached XP level 2. HP: 21/29 MP: 2/2
   741 | D:2      | Reached XP level 3. HP: 37/37 MP: 3/3
  1128 | D:3      | Noticed Ijyb
  1143 | D:3      | Killed Ijyb
  1144 | D:3      | Reached XP level 4. HP: 22/45 MP: 4/4
  1193 | D:3      | Noticed Natasha
  1195 | D:3      | Killed Natasha
  1220 | D:3      | Noticed Natasha
  1224 | D:3      | Killed Natasha
  1225 | D:3      | Reached skill level 4 in Staves
  1225 | D:3      | Reached XP level 5. HP: 30/53 MP: 5/5
  1407 | D:3      | Found a faded altar of an unknown god.
  1679 | D:3      | Noticed Natasha
  1684 | D:3      | Killed Natasha
  1918 | D:3      | Found a broken altar of Ashenzari.
  2163 | D:3      | Became a worshipper of Ashenzari the Shackled
  2402 | D:4      | Noticed an ogre
  2416 | D:4      | HP: 1/53 [orc (5)]
  2416 | D:4      | Killed from afar by an orc wizard

Illustrated notes

Levels and vault maps discovered:
D:1:      tarquinn_simple_flora_water_e, layout_basic
D:2:      layout_rooms
D:3:      minmay_general_purpose_star, layout_basic, lemuel_crystal_altar,
          shapermc_ecumenical_altar_rom_forum, chequers_serial_rivers_micro_c,
          uniq_ijyb, uniq_natasha
D:4:      layout_cave_pods, lemuel_blue_sif_altar, uniq_crazy_yiuf_cottage

Skill      XL: |  1  2  3  4  5 |
---------------+----------------+-----
Dodging        | 3 |  3.8
Fighting       | 3 |  3.6
Staves         | 4 |  4.0
Throwing       | 3 |  3.2
Short Blades   | |  0.4
Stealth        | |  0.4
Evocations     | |  0.4

Action                   |  1- 3 |  4- 6 || total
-------------------------+-------+-------++-------
Melee: Quarterstaff      |    40 |       ||    40
       Dagger            |    31 |    51 ||    82
       Morningstar       |       |    29 ||    29
Throw: Throwing net      |     4 |       ||     4
       Boomerang         |    26 |       ||    26
       Large rock        |     1 |       ||     1
Evoke: Wand              |       |    12 ||    12
  Use: Scroll            |     6 |     3 ||     9
       Potion            |     2 |       ||     2
Armor: Robe              |    31 |    51 ||    82
Dodge: Dodged            |    56 |    90 ||   146
